 Dungeon Crawl Stone Soup version 0.18.1-6-gd335043 (webtiles) character file.

170 tbh1313 the Basher (level 5, -9/50 HPs)
             Began as an Ogre Gladiator on May 21, 2016.
             Mangled by a gnoll
             ... wielding a +0 halberd
              (16 damage)
             ... on level 3 of the Dungeon.
             The game lasted 00:03:39 (2610 turns).

tbh1313 the Basher (Ogre Gladiator)                 Turns: 2610, Time: 00:03:39

Health: -9/50      AC:  4    Str: 18 (21) XL:     5   Next: 51%
Magic:  5/5        EV: 10    Int:  5 (7)  God:
Gold:   186        SH:  0    Dex:  9 (10) Spells: 0 memorised, 4 levels left

rFire  . . .     SeeInvis .     a - +0 flail
rCold  . . .     Gourm    .     b - +0 robe
rNeg   . . .     Faith    .     (no shield)
rPois  .         Spirit   .     c - +1 hat
rElec  .         Dismiss  .     (no cloak)
rCorr  .         Reflect  .     (gloves unavailable)
SustAt .         Harm     .     (boots unavailable)
MR     .....                    k - amulet of magic regeneration
Stlth  +.........               (no ring)
                                (no ring)

@: very slightly contaminated, hasted, very quick, not resistant to hostile
enchantments, very unstealthy
A: unfitting armour, tough skin 1
a: no special abilities


You were on level 3 of the Dungeon.
You were not hungry.

You visited 1 branch of the dungeon, and saw 3 of its levels.

You collected 186 gold pieces.

Inventory:

Hand Weapons
 a - a +0 flail (weapon)
Missiles
 d - 3 throwing nets (quivered)
 q - 6 large rocks
Armour
 b - a +0 robe (worn)
 c - a +1 hat (worn)
 j - a +0 cloak
Jewellery
 k - an amulet of magic regeneration (around neck)
Scrolls
 g - a scroll of fear {unknown}
 h - 2 scrolls of blinking
 m - 2 scrolls of teleportation
 r - 4 scrolls of identify
Potions
 e - a potion of magic
 i - a potion of degeneration
Comestibles
 f - 4 bread rations
 l - a beef jerky
 n - a meat ration
 o - 3 chunks of flesh


   Skills:
 - Level 2.6 Fighting
 + Level 8.0 Maces & Flails
 - Level 2.0 Throwing
 - Level 2.6 Dodging


You had 4 spell levels left.
You didn't know any spells.

Dungeon Overview and Level Annotations

Branches:
Dungeon (3/15)

Altars:
Ashenzari
Dithmenos
Makhleb
Sif Muna


Innate Abilities, Weirdness & Mutations

You are too large for most types of armour.
You have tough skin (AC +1).


Message History

The gnoll is almost dead.
The gnoll barely misses you. x2
You hit the gnoll but do no damage.
The gnoll is almost dead.
The gnoll hits you from afar with a halberd.
The gnoll hits you with a flail.
You hit the gnoll.
You kill the gnoll!
Your Maces & Flails skill increases to level 8!
The gnoll hits you with a halberd!
* * * LOW HITPOINT WARNING * * *
Items here: )) [ †† a flail; a spear; a buckler; a gnoll corpse x2
You barely miss the gnoll. You closely miss the gnoll.
The gnoll hits you with a halberd!
* * * LOW HITPOINT WARNING * * *
You hit the gnoll but do no damage.
Drink which item? (? for menu, Esc to quit)
It was a potion of curing.
You feel better. The gnoll hits you with a halberd!
You die...

......###### #.###.#
#.........# #.# #.# .#
#...####.### #.# #.# .
#.........#####.# #.# .
#.##.###.........# #.# #.#
###.####### #.####### #.#
#.## #........ #.# #.g#
######### #.# ##@#
#########.# #.# ......)##.#
#.################
>#####.##.#
#.#............... .#
#.##.######.#.###...........
.# ###.>.........#.#
#.#.#.######
.###...)...........# #.#.#.#
.....#.#..######...# #.#.#.#
.....###.## #...###.#.#.#


You could see a gnoll.

Vanquished Creatures
  2 orc wizards (D:3)
  Terence (D:2)
  2 gnolls (D:3)
  An adder (D:2)
  An ooze (D:1)
  A worm (D:2)
  2 dart slugs
  A giant gecko (D:1)
  4 orcs (D:3)
  5 giant cockroaches
  5 goblins
  4 hobgoblins
  5 jackals
  A quokka (D:2)
  7 bats
  A giant newt (D:1)
  7 kobolds
  5 rats
55 creatures vanquished.

Notes
Turn   | Place    | Note
--------------------------------------------------------------
     0 | D:1      | tbh1313 the Ogre Gladiator began the quest for the Orb.
     0 | D:1      | Reached XP level 1. HP: 22/22 MP: 1/1
   235 | D:1      | Reached XP level 2. HP: 25/29 MP: 2/2
   435 | D:1      | Reached skill level 5 in Maces & Flails
   758 | D:2      | Noticed Terence
   765 | D:2      | Reached XP level 3. HP: 36/36 MP: 3/3
   773 | D:2      | Killed Terence
   773 | D:2      | Reached skill level 6 in Maces & Flails
   866 | D:2      | Reached XP level 4. HP: 44/44 MP: 4/4
  1612 | D:2      | Found a burning altar of Makhleb.
  1854 | D:3      | Reached skill level 7 in Maces & Flails
  1860 | D:3      | Reached XP level 5. HP: 21/50 MP: 5/5
  2165 | D:3      | Found a shadowy altar of Dithmenos.
  2168 | D:3      | Found a shattered altar of Ashenzari.
  2171 | D:3      | Found a deep blue altar of Sif Muna.
  2605 | D:3      | Reached skill level 8 in Maces & Flails
  2608 | D:3      | HP: 2/50 [gnoll/halberd (8)]
  2610 | D:3      | Mangled by a gnoll

Skill      XL: |  1  2  3  4  5 |
---------------+----------------+-----
Maces & Flails | 5 6 7 8 |  8.0
Fighting       | |  2.6
Throwing       | |  2.0
Dodging        | |  2.6

Action                   |  1- 3 |  4- 6 || total
-------------------------+-------+-------++-------
Melee: Flail             |    73 |   107 ||   180
  Use: Scroll            |     2 |     5 ||     7
       Potion            |       |     3 ||     3
 Stab: Sleeping          |       |     1 ||     1
  Eat: Chunk             |       |     2 ||     2
       Meat ration       |       |     1 ||     1
Armor: Robe              |    31 |    26 ||    57
Dodge: Dodged            |    54 |    47 ||   101
